 Dungeon Crawl Stone Soup version 0.29.1-1-gd02db6906a (webtiles) character file.

Game seed: 13932385490797875115

38 fireball365 the Digger (level 3, -4/26 HPs)
             Began as a Demigod Earth Elementalist on Oct 4, 2022.
             Killed by an exploding ice beast (10 damage)
             ... ignited by their inner flame
             ... on level 3 of the Dungeon.
             The game lasted 00:10:34 (1989 turns).

fireball365 the Digger (Demigod Earth Elementalist) Turns: 1989, Time: 00:10:34

Health: -4/26      AC:  6    Str:  9    XL:     3   Next: 10%
Magic:  15/17      EV:  8    Int: 21    God:
Gold:   87         SH:  0    Dex: 14    Spells: 5/6 levels left

rFire   . . .      SeeInvis .   a - +0 mace (holy)
rCold   . . .      Faith    .   (no shield)
rNeg    . . .      Spirit   .   m - +0 scale mail
rPois   .          Reflect  .   (no helmet)
rElec   .          Harm     .   (no cloak)
rCorr   .          Rampage  .   (no gloves)
Will    .....                   (no boots)
Stlth   +.........              (no amulet)
HPRegen 0.08/turn               q - ring of wizardry
MPRegen 0.15/turn               x - ring of magical power

@: no status effects
A: high MP 1, forlorn, divine attributes
a: no special abilities


You were on level 3 of the Dungeon.
You visited 1 branch of the dungeon, and saw 3 of its levels.

You collected 87 gold pieces.

Inventory:

Hand Weapons
 a - a +0 mace of holy wrath (weapon)
 d - a +0 dagger
 e - a +0 long sword
 g - a +0 mace
 j - a +1 whip of electrocution
 r - a +0 short sword
 u - a +0 mace
Missiles
 i - 4 atropa-tipped darts
 l - 10 stones
Armour
 h - a +0 scale mail
 m - a +0 scale mail (worn)
 v - a +0 ring mail
 w - a +0 ring mail
Jewellery
 q - a ring of wizardry (left hand)
 x - a ring of magical power (right hand)
Scrolls
 o - a scroll of torment
 s - a scroll of acquirement
Potions
 b - a potion of magic
 c - a potion of berserk rage {unknown}
 k - a potion of haste {unknown}
 p - a potion of brilliance
 t - a potion of ambrosia {unknown}


   Skills:
 + Level 0.1 Maces & Flails
 + Level 2.1 Dodging
 + Level 2.2 Stealth
 + Level 2.1 Spellcasting
 + Level 0.8 Transmutations
 + Level 3.2 Earth Magic


You had 5 spell levels left.
You knew the following spells:

 Your Spells              Type           Power      Damage    Failure   Level
a - Sandblast             Erth           30%        2d9       14%         1

Your spell library contained the following spells:

 Spells                   Type           Power      Damage    Failure   Level
 Passwall                 Tmut/Erth      8%         N/A       32%         2
 Stone Arrow              Conj/Erth      16%        3d8       58%         3
 Petrify                  Tmut/Erth      10%        N/A       89%         4
 Corpse Rot               Necr/Pois/Air  2%         N/A       99%         4
 Dispel Undead            Necr           2%         3d7       99%         4
 Death Channel            Necr           1%         N/A       100%        6


Dungeon Overview and Level Annotations

Branches:
Dungeon (3/15)

Shops:
D:1 *


Innate Abilities, Weirdness & Mutations

You have an increased reservoir of magic. (+10% MP)
You shall have no god before yourself.
Your divine heritage dramatically boosts your attributes as you level up.


Message History

Found 18 gold pieces.
You now have 87 gold pieces (gained 18).
An ice beast comes into view.
Found 5 stones.
The ice beast closely misses you. The ice beast attacks as you move away!
The ice beast hits you but does no damage.
The ice beast attacks as you move away! The ice beast hits you.
The ice beast freezes you! The ice beast attacks as you move away!
The ice beast hits you. The ice beast freezes you!
* * * LOW HITPOINT WARNING * * *
Read: scroll of immolation
Press: ? - help, Q - select action, (/) - cycle Dir - look around, f - activate Look: an ice beast (susceptible)
As you read the scroll of immolation, it crumbles to dust.
The creatures around you are filled with an inner flame!
The ice beast barely misses you.
You are too injured to fight recklessly!
You are too injured to fight recklessly!
Casting: Sandblast (safe; 14% risk of failure)
Confirm with . or Enter, or press ? or * to list all spells.
Aiming: Sandblast (safe; 14% risk of failure)
Press: ? - help, Shift-Dir - straight line, f/p - ice beast
Aim: an ice beast (inner flame, 82% to hit)
The blast of sand hits the ice beast but does no damage.
The ice beast hits you but does no damage.
Casting: Sandblast (safe; 14% risk of failure)
Confirm with . or Enter, or press ? or * to list all spells.
Aiming: Sandblast (safe; 14% risk of failure)
Press: ? - help, Shift-Dir - straight line, f/p - ice beast
Aim: an ice beast (inner flame, 82% to hit)
The blast of sand hits the ice beast!
Flame seeps out of the ice beast.
The ice beast is moderately wounded.
The ice beast is engulfed in blazing flames.
Flame seeps out of the ice beast.
The ice beast hits you but does no damage.
The ice beast is engulfed in blazing flames.
The ice beast explodes!
The fiery explosion engulfs you!
You die...

#.#####.....
............
#.#####.#### #.#
#.# #.# #.#
#########.# #.#
#........(# #.#
#..§§§....#####.#
#..@○...........###
########.....#....#
#.....#....#
#.....#....#
#.....#....#
#######....# #....#
#....# ######


There were no monsters in sight!

Vanquished Creatures
  An ice beast (D:3)
  A worm (D:2)
  A dart slug (D:2)
  3 endoplasms
  2 giant cockroaches (D:1)
  5 goblins
  A hobgoblin (D:1)
  A kobold (D:1)
  2 quokkas
  6 ball pythons
  4 bats
  2 frilled lizards
  4 rats
33 creatures vanquished.

Notes
Turn   | Place    | Note
-------+----------+-------------------------------------------
     0 | D:1      | fireball365 the Demigod Earth Elementalist began the quest
                  | for the Orb.
     0 | D:1      | Reached XP level 1. HP: 14/14 MP: 5/5
   201 | D:1      | Found Kaelis's Assorted Antiques.
   333 | D:1      | Reached XP level 2. HP: 16/20 MP: 2/7
   355 | D:1      | Reached skill level 3 in Earth Magic
  1580 | D:2      | Reached XP level 3. HP: 26/26 MP: 6/8
  1880 | D:3      | Identified a scroll of acquirement
  1976 | D:3      | Noticed an ice beast
  1989 | D:3      | Killed an ice beast
  1989 | D:3      | Killed by an exploding ice beast... ignited by their inner
                  | flame

Illustrated notes

Levels and vault maps discovered:
D:1:      heliophobic_arrival_dark_side_of_the_moon, layout_basic,
          hellmonk_ecumenical_altar_blasted, serial_shops, nicolae_shop_crystal
D:2:      layout_loops_ring, basic_altar,
          nicolae_concentric_dashed_squares_mild, chequers_serial_rivers_small_b
D:3:      layout_basic, mainiacjoe_overflow_six_doors_small,
          chequers_temple_overflow_statue_of_worship,
          lemuel_coloured_pillars_altar, chequers_temple_overflow_minitemple

Skill      XL: |  1  2 |
---------------+-------+-----
Stealth        | 2 |  2.2
Dodging        | 2 |  2.1
Earth Magic    | 3 |  3.2
Spellcasting   | 2 |  2.1
Maces & Flails | |  0.1
Transmutations | |  0.8

Action                   || total
-------------------------++-------
Melee: Mace              ||     1
       Whip              ||    32
 Cast: Sandblast         ||    29
  Use: Scroll            ||     4
       Potion            ||     2
Armor: Robe              ||     8
       Scale mail        ||    31
Dodge: Dodged            ||    35
